 Dungeon Crawl Stone Soup version 0.29.1-1-gd02db6906a (webtiles) character file.

Game seed: 281576635019635866

200 xian the Cudgeller (level 5, 0/53 HPs)
             Began as a Troll Chaos Knight on Sept 29, 2022.
             Was a Plaything of Xom.
             Slain by Pargi (2 damage)
             ... in a sewer.
             The game lasted 00:06:43 (2254 turns).

xian the Cudgeller (Troll Chaos Knight)             Turns: 2254, Time: 00:06:43

Health: 0/53       AC:  8    Str: 22    XL:     5   Next: 49%
Magic:  4/4        EV: 10    Int:  8    God:    Xom [.....*]
Gold:   94         SH:  0    Dex:  9    Spells: 4/4 levels left

rFire   . . .      SeeInvis .   a - +0 mace (chaos)
rCold   . . .      Faith    .   (no shield)
rNeg    . . .      Spirit   .   b - +2 robe
rPois   .          Reflect  .   (helmet restricted)
rElec   .          Harm     .   g - +1 cloak
rCorr   .          Rampage  .   (gloves unavailable)
Will    .....                   (boots unavailable)
Stlth   +.........              (no amulet)
HPRegen 0.97/turn               (no ring)
MPRegen 0.09/turn               (no ring)

@: hasted, slow
A: large, unfitting armour, claws 3, regeneration 1, shaggy fur 1, tough skin 1
a: Renounce Religion


You were in a sewer.
You worshipped Xom.
You were Xom's teddy bear.
You visited 1 branch of the dungeon, and saw 4 of its levels.
You also visited: Sewer.

You collected 94 gold pieces.

Inventory:

Hand Weapons
 a - a +0 mace of chaos (weapon)
Missiles
 p - 3 boomerangs (quivered)
Armour
 b - a +2 robe (worn)
 g - a +1 cloak (worn)
Scrolls
 d - 2 scrolls of immolation
 e - a scroll of fear
 j - a scroll of noise {unknown}
 k - 2 scrolls of teleportation
 l - a scroll of poison
Potions
 f - a potion of magic {unknown}
 i - a potion of attraction
 m - a potion of mutation
 o - a potion of heal wounds {unknown}
 q - a potion of resistance {unknown}
Miscellaneous
 c - a piece from Xom's chessboard (15/15)


   Skills:
 + Level 3.2 Fighting
 + Level 4.4 Maces & Flails
 + Level 3.0 Dodging
 + Level 0.3 Stealth


You had 4 spell levels left.
You didn't know any spells.
Your spell library contained the following spells:

 Spells                   Type           Power      Damage    Failure   Level
 Dazzling Flash           Conj/Hex       0%         N/A       78%         3
 Iskenderun's Mystic Bla  Conj/Tloc      0%         2d3       99%         4
 Starburst                Conj/Fire      0%         6d3       100%        6


Dungeon Overview and Level Annotations

Branches:
Dungeon (4/15)              Sewer (1/1)
 Temple: D:4-7

Altars:
Hepliaklqana
Uskayaw
Xom

Annotations:
Sewer Pargi


Innate Abilities, Weirdness & Mutations

You are too large for most types of armour.
You have claws for hands.
Your natural rate of healing is unusually fast.
You are covered in fur. (AC +1)
You have tough skin. (AC +1)


Message History

Something claws you but does no damage. x2
You hit something. You burn something. Something bites you but does no damage.
Something claws you but does no damage. x2
You closely miss something. You miss something. Something bites you.
Something claws you but does no damage. x2
You miss something. Something bites you.
Something claws you but does no damage. x2
You sock something! Something bites you but does no damage.
Something claws you but does no damage. x2
You closely miss something. Something bites you.
Something claws you but does no damage. x2
You hit something.
Nothing appears to happen.
Something bites you but does no damage.
Something claws you but does no damage. x2
You closely miss something. Something bites you but does no damage.
Something claws you but does no damage. x2
You hit something. You freeze something. Something bites you.
Something claws you but does no damage. Something claws you.
* * * LOW HITPOINT WARNING * * *
You miss something. Something bites you.
* * * LOW HITPOINT WARNING * * *
Something claws you but does no damage. Something claws you.
* * * LOW HITPOINT WARNING * * *
Unknown command.
Something bites you.
* * * LOW HITPOINT WARNING * * *
Something claws you.
* * * LOW HITPOINT WARNING * * *
Something claws you but does no damage. Something bites you but does no damage.
Something claws you.
* * * LOW HITPOINT WARNING * * *
Something claws you but does no damage.
You miss something. Something completely misses you.
Something claws you but does no damage. Something claws you.
* * * LOW HITPOINT WARNING * * *
You miss something. Something bites you.
* * * LOW HITPOINT WARNING * * *
Something claws you but does no damage. Something claws you.
You die... "Huh?
Did I miss anything?"

#~..~(#
#.~...##
#...#
##..##
#...# #.
##..# #..
#(.# #.~
#{.# #..#
##@.# #.~.
#~~.#
#~.###~~##
#...#...#
#..~.~##
#..~..#
##~..##
#.~.#
##~##


There were no monsters in sight!

Vanquished Creatures
  A necrophage (D:3)
  An orc priest (D:2)
  An orc wizard (D:2)
  3 adders
  A dart slug (D:1)
  4 orcs
  4 ball pythons
  3 endoplasms (D:1)
  6 giant cockroaches
  4 goblins
  5 hobgoblins
  7 jackals
  4 quokkas
  2 bats
  A frilled lizard (D:3)
  5 kobolds
  2 rats
54 creatures vanquished.

Notes
Turn   | Place    | Note
-------+----------+-------------------------------------------
     0 | D:1      | xian the Troll Chaos Knight began the quest for the Orb.
     0 | D:1      | Reached XP level 1. HP: 22/22 MP: 0/0
    17 | D:1      | XOM: potion effect (invisibility)
   146 | D:1      | Reached XP level 2. HP: 24/29 MP: 1/1
   154 | D:1      | XOM: divination: magic mapping
   160 | D:1      | Found a faded altar of an unknown god.
   204 | D:1      | Reached skill level 3 in Maces & Flails
   352 | D:1      | XOM: divination: detect creatures
   693 | D:1      | XOM: 4-stop teleportation journey
   759 | D:1      | XOM: divination: detect items
   805 | D:2      | XOM: enchant monster (good)
   809 | D:2      | Reached XP level 3. HP: 36/36 MP: 2/2
   824 | D:2      | Reached XP level 4. HP: 26/45 MP: 3/3
   940 | D:2      | Found a shimmering altar of Xom.
  1269 | D:2      | XOM: scenery: create altars
  1356 | D:3      | XOM: 1-stop teleportation journey
  1422 | D:3      | Noticed a necrophage
  1427 | D:3      | Killed a necrophage
  1428 | D:3      | Reached skill level 4 in Maces & Flails
  1428 | D:3      | Reached XP level 5. HP: 53/53 MP: 4/4
  1489 | D:3      | Found a hide-covered altar of Uskayaw.
  1791 | D:3      | Found a hazy altar of Hepliaklqana.
  2003 | D:4      | XOM: stealth player
  2115 | D:4      | Found a glowing drain.
  2158 | Sewer    | Entered a sewer
  2197 | Sewer    | XOM: scenery: summon butterflies
  2219 | Sewer    | Noticed Pargi
  2254 | Sewer    | HP: 2/53 [something (6)]
  2254 | Sewer    | Slain by Pargi

Illustrated notes

Levels and vault maps discovered:
D:1:      amcnicky_arrival_feature_with_door, layout_rooms, serial_aquarium,
          aquarium_bridge_long_joined [aquarium_subvault_wall,
          aquarium_subvault_window, aquarium_subvault_bridge,
          aquarium_subvault_bridge, aquarium_subvault_window,
          aquarium_subvault_bridge], aquarium_bridge_straight
          [aquarium_subvault_bridge, aquarium_subvault_wall,
          aquarium_subvault_bridge, aquarium_subvault_window],
          aquarium_window_fake, aquarium_window_fake, aquarium_window_fake,
          aquarium_window_3, aquarium_view_2e, aquarium_view_2c,
          aquarium_balcony_double_2, aquarium_pool_2,
          hellmonk_ecumenical_altar_zigzags, chequers_serial_rivers_micro_d,
          minmay_hexomino_u4
D:2:      layout_basic, basic_altar, serial_bayou_lagoon_a,
          minmay_misc_feat_rugged
D:3:      layout_loops_ring, mainiacjoe_overflow_surrounded_room,
          mainiacjoe_overflow_24_doors
D:4:      lemuel_castle_with_subvaults [lemuel_castle_interior_carwin_3],
          layout_basic, nicolae_yredelemnul_ghost_church,
          gammafunk_temple_overflow_statue, gup_sewer_entry_glass,
          kennysheep_generic_room_8
Sewer:    sewer_the_moccasin

Skill      XL: |  1  2  3  4  5 |
---------------+----------------+-----
Dodging        | 2 3 |  3.0
Maces & Flails | 3 4 |  4.4
Fighting       | 3 |  3.2
Stealth        | |  0.3

Action                   |  1- 3 |  4- 6 || total
-------------------------+-------+-------++-------
Melee: Mace              |    53 |   134 ||   187
       Punch             |     1 |       ||     1
Throw: Dart              |       |     4 ||     4
  Use: Scroll            |     3 |     7 ||    10
       Potion            |       |     1 ||     1
 Stab: Sleeping          |     1 |       ||     1
Armor: Robe              |    24 |   145 ||   169
Dodge: Dodged            |    23 |    97 ||   120
